 Dungeon Crawl Stone Soup version 0.29.1-2-gbd0b4ee654 (webtiles) character file.

Game seed: 1948354891995071553

23 qeuew the Sneak (level 2, 0/15 HPs)
             Began as a Spriggan Brigand on Nov 6, 2022.
             Slain by an adder (4 damage)
             ... on level 2 of the Dungeon.
             The game lasted 00:01:22 (1401 turns).

qeuew the Sneak (Spriggan Brigand)                  Turns: 1401, Time: 00:01:23

Health: 0/15       AC:  3    Str:  7    XL:     2   Next: 72%
Magic:  3/3        EV: 16    Int: 12    God:
Gold:   64         SH:  0    Dex: 16    Spells: 1/1 levels left

rFire   . . .      SeeInvis +   a - +2 dagger (chaos)
rCold   . . .      Faith    .   (no shield)
rNeg    . . .      Spirit   .   b - +0 robe
rPois   .          Reflect  .   (helmet restricted)
rElec   .          Harm     .   c - +0 cloak
rCorr   .          Rampage  .   (gloves unavailable)
Will    .....                   (boots unavailable)
Stlth   +++.......              (no amulet)
HPRegen 0.05/turn               (no ring)
MPRegen 0.08/turn               (no ring)

@: very quick
A: very small, no large weapons, unfitting armour, see invisible, speed 3
a: no special abilities


You were on level 2 of the Dungeon.
You visited 1 branch of the dungeon, and saw 2 of its levels.

You collected 64 gold pieces.

Inventory:

Hand Weapons
 a - a +2 dagger of chaos (weapon)
Missiles
 d - 9 poisoned darts (quivered)
 e - 3 curare-tipped darts
Armour
 b - a +0 robe (worn)
 c - a +0 cloak (worn)
Scrolls
 i - a scroll of teleportation {unknown}
 j - 2 scrolls of enchant armour {unknown}
Potions
 f - a potion of flight
 g - a potion of heal wounds
 h - a potion of invisibility


   Skills:
 * Level 1.8 Fighting
 * Level 2.5 Short Blades
 * Level 2.2 Throwing
 * Level 1.7 Dodging
 + Level 6.5 Stealth


You had one spell level left.
You didn't know any spells.
Your spell library was empty.

Dungeon Overview and Level Annotations

Branches:
Dungeon (2/15)

Altars:


Innate Abilities, Weirdness & Mutations

You are very small and have problems with some larger weapons.
You are too small for most types of armour.
You have supernaturally acute eyesight. (SInv)
You cover ground extremely quickly. (Speed+++)


Message History

The adder struggles to get unstuck from the web.
Things that are here:
a +0 short sword; 4 stones; a kobold corpse You barely miss the adder.
The adder struggles to get unstuck from the web.
An adder is nearby!
An adder is nearby!
You hit the adder. You burn the adder.
The adder is moderately wounded.
The adder pulls away from the web.
You closely miss the adder.
The adder is moderately wounded.
The adder bites you but does no damage. The adder bites you.
You are poisoned.
The adder poisons you!
You barely miss the adder.
The adder is moderately wounded.
You feel sick. The adder bites you but does no damage.
You closely miss the adder.
The adder is moderately wounded.
The adder closely misses you.
You hit the adder.
The adder is heavily wounded.
You feel sick. The adder bites you.
You are too injured to fight recklessly!
You are too injured to fight recklessly!
You are too injured to fight recklessly!
You are too injured to fight recklessly!
You barely miss the adder.
The adder is heavily wounded.
You feel sick. The adder closely misses you.
You miss the adder.
The adder is heavily wounded.
You feel sick. The adder misses you.
You hit the adder but do no damage.
The adder is poisoned.
The adder is heavily wounded.
You feel sick.
You are no longer poisoned.
The adder bites you.
You die...

..##########.## #. ##.##
###.## #...# ....#
#...#.# / ##..####
#...#.# . ... #......#
#...#.##.
.#..#....#.#####...#....
........................
..^^..S@.......)...).#..
_.#.#.#...........).....
# #..#.#####...#####
#.....# #...# #...####
#...# #...## #...# #....
#...# ...#. ##.## #.#


You could see an adder (very poisoned).

Vanquished Creatures
  2 endoplasms (D:1)
  A giant cockroach (D:1)
  4 goblins
  3 hobgoblins
  2 quokkas (D:1)
  A ball python (D:1)
  2 bats
  A frilled lizard (D:1)
  A kobold (D:2)
  4 rats
21 creatures vanquished.

Vanquished Creatures (others)
  A fungus (D:2)
1 creature vanquished.

Grand Total: 22 creatures vanquished

Notes
Turn   | Place    | Note
-------+----------+-------------------------------------------
     0 | D:1      | qeuew the Spriggan Brigand began the quest for the Orb.
     0 | D:1      | Reached XP level 1. HP: 10/10 MP: 2/2
   111 | D:1      | Reached skill level 6 in Stealth
   247 | D:1      | Reached XP level 2. HP: 7/15 MP: 3/3
  1392 | D:2      | Found a faded altar of an unknown god.
  1401 | D:2      | Slain by an adder

Illustrated notes

Levels and vault maps discovered:
D:1:      tarquinn_simple_flora_water_d, layout_loops_corners, nrook_campfire,
          hex_tiny
D:2:      layout_loops_cross, shapermc_ecumenical_altar_rom_forum,
          uniq_crazy_yiuf_cottage, uniq_terence

Skill      XL: |  1 |
---------------+----+-----
Stealth        | 6 |  6.5
Fighting       | |  1.8
Short Blades   | |  2.5
Throwing       | |  2.2
Dodging        | |  1.7

Action                   || total
-------------------------++-------
Melee: Dagger            ||    66
       Punch             ||     1
Throw: Dart              ||     3
  Use: Scroll            ||     4
       Potion            ||     3
 Stab: Sleeping          ||     3
Armor: Robe              ||    15
Dodge: Dodged            ||    34
